| TOP OF THE 1ST |
|
Bowie Baysox batting - Pitching for Arkansas Travelers : RHP Gus Morante
|
|
Pitching: RHP Gus Morante
|
|
|
Batting: RHB Danny Merrill
|
0-0: Called Strike 0-1: Reached on error, E5 (Groundball, 56, EV 91.3 MPH)
|
|
Batting: RHB Dan Staggs
|
0-0: Called Strike 0-1: Ball 1-1: Foul Ball, location: 2F 1-2: Hit by Pitch Danny Merrill to second
|
|
Batting: RHB Dermott Neill
|
0-0: Called Strike Danny Merrill steals 3rd base 0-1: Ball 1-1: Ball 2-1: Foul Ball, location: 2F 2-2: Strikes out swinging
|
|
Batting: SHB Tony Pantaleon
|
0-0: Ball 1-0: Ball 2-0: Called Strike 2-1: Ball 3-1: Foul Ball, location: 2F 3-2: Strikes out looking
|
|
Batting: RHB Andy Chess
|
0-0: Ball 1-0: Ball 2-0: Ball 3-0: Base on Balls Dan Staggs to second
|
|
Batting: SHB Ryan Palermo
|
0-0: Foul Ball, location: 2F 0-1: Ball 1-1: Swinging Strike 1-2: Ball 2-2: Ball 3-2: Foul Ball, location: 2F 3-2: Strikes out swinging
|
| Top of the 1st over - 0 runs, 0 hits, 1 error, 3 left on base; Bowie 0 - Arkansas 0 |
| BOTTOM OF THE 1ST |
|
Arkansas Travelers batting - Pitching for Bowie Baysox : RHP Andy Rondeau
|
|
Pitching: RHP Andy Rondeau
|
|
|
Batting: RHB Jasper Burd
|
0-0: Fly out, F8 (Flyball, 8RD, EV 91.9 MPH)
|
|
Batting: RHB Bjoern Waltersson
|
0-0: Fly out, F7 (Flyball, 7, EV 77.5 MPH)
|
|
Batting: RHB Andres Mendiola
|
0-0: Called Strike 0-1: Hit by Pitch
|
|
Batting: LHB Matt Calitri
|
0-0: Ball Wild Pitch! Andres Mendiola to second 1-0: Ground out 1-3 (Groundball, 13, EV 70.6 MPH)
|
| Bottom of the 1st over - 0 runs, 0 hits, 0 errors, 1 left on base; Bowie 0 - Arkansas 0 |
| TOP OF THE 2ND |
|
Bowie Baysox batting - Pitching for Arkansas Travelers : RHP Gus Morante
|
|
Batting: SHB Justin Toth
|
0-0: Ball 1-0: Hit by Pitch
|
|
Batting: LHB Andrew Erens
|
0-0: Called Strike 0-1: Foul Ball, location: 2F 0-2: Foul Ball, location: 2F 0-2: Ball 1-2: Fly out, F6 (Popup, 6M, EV 68.1 MPH)
|
|
Batting: RHB Ashton Holloway
|
0-0: Ball Pickoff Throw to First - Out! 1-3 1-0: Fly out, F7 (Flyball, 78S, EV 92.5 MPH)
|
| Top of the 2nd over - 0 runs, 0 hits, 0 errors, 0 left on base; Bowie 0 - Arkansas 0 |
| BOTTOM OF THE 2ND |
|
Arkansas Travelers batting - Pitching for Bowie Baysox : RHP Andy Rondeau
|
|
Batting: RHB Oren Jones
|
0-0: Called Strike 0-1: Swinging Strike 0-2: Ball 1-2: Ball 2-2: Ball 3-2: Foul Ball, location: 2F 3-2: Foul Ball, location: 2F 3-2: SOLO HOME RUN (Flyball, 7D, EV 99.4 MPH), Distance : 381 ft
|
|
Batting: LHB Barrfhionn O'Toole
|
0-0: Ball 1-0: Ball 2-0: Fly out, F6 (Flyball, 6MD, EV 82.5 MPH)
|
|
Batting: LHB Jorge Zermeno
|
0-0: Foul Ball, location: 2F 0-1: DOUBLE (Line Drive, 7LM, EV 102.5 MPH)
|
|
Batting: RHB Tsega Haida
|
0-0: Ball 1-0: Bunt missed! 1-1: Ball 2-1: DOUBLE (Line Drive, 7D, EV 106.9 MPH) Jorge Zermeno scores
|
|
Batting: RHB Roberto Martinez
|
0-0: Ball 1-0: Ground out U3 (Groundball, 34, EV 104.4 MPH) Tsega Haida to third
|
|
Batting: RHB Jasper Burd
|
0-0: Ball 1-0: Ball 2-0: Ball 3-0: Called Strike 3-1: Foul Ball, location: 2F 3-2: Base on Balls
|
|
Batting: RHB Bjoern Waltersson
|
0-0: Ball Jasper Burd steals 2nd base (no throw) 1-0: Foul Ball, location: 2F 1-1: Called Strike 1-2: Foul Ball, location: 2F 1-2: Fly out, F7 (Line Drive, 7D, EV 93.8 MPH)
|
| Bottom of the 2nd over - 2 runs, 3 hits, 0 errors, 2 left on base; Bowie 0 - Arkansas 2 |
| TOP OF THE 3RD |
|
Bowie Baysox batting - Pitching for Arkansas Travelers : RHP Gus Morante
|
|
Batting: RHB Danny Merrill
|
0-0: Called Strike 0-1: Ball 1-1: Foul Ball, location: 2F 1-2: Ball 2-2: Strikes out swinging, 2-3 out at first.
|
|
Batting: RHB Dan Staggs
|
0-0: Fly out, F8 (Flyball, 8RM, EV 88.8 MPH)
|
|
Batting: RHB Dermott Neill
|
0-0: Ball 1-0: Called Strike 1-1: Ball 2-1: Called Strike 2-2: Strikes out swinging
|
| Top of the 3rd over - 0 runs, 0 hits, 0 errors, 0 left on base; Bowie 0 - Arkansas 2 |
| BOTTOM OF THE 3RD |
|
Arkansas Travelers batting - Pitching for Bowie Baysox : RHP Andy Rondeau
|
|
Batting: RHB Andres Mendiola
|
0-0: Swinging Strike 0-1: Ground out U3 (Groundball, 3, EV 103.8 MPH)
|
|
Batting: LHB Matt Calitri
|
0-0: Ball 1-0: Called Strike 1-1: Swinging Strike 1-2: Ball 2-2: Foul Ball, location: 2F 2-2: Ball 3-2: Strikes out swinging
|
|
Batting: RHB Oren Jones
|
0-0: Called Strike 0-1: Swinging Strike 0-2: Foul Ball, location: 2F 0-2: Ball 1-2: Ball 2-2: Foul Ball, location: 2F 2-2: Foul Ball, location: 2F 2-2: Ball 3-2: Foul Ball, location: 2F 3-2: Base on Balls
|
|
Batting: LHB Barrfhionn O'Toole
|
0-0: Ball 1-0: Foul Ball, location: 2F 1-1: Fly out, F8 (Flyball, 89M, EV 77.5 MPH)
|
| Bottom of the 3rd over - 0 runs, 0 hits, 0 errors, 1 left on base; Bowie 0 - Arkansas 2 |
| TOP OF THE 4TH |
|
Bowie Baysox batting - Pitching for Arkansas Travelers : RHP Gus Morante
|
|
Batting: SHB Tony Pantaleon
|
0-0: Ball 1-0: Foul Ball, location: 2F 1-1: Ball 2-1: Foul Ball, location: 2F 2-2: Ground out 4-3 (Groundball, 4, EV 83.8 MPH)
|
|
Batting: RHB Andy Chess
|
0-0: Ball 1-0: Ground out 6-3 (Groundball, 6, EV 76.3 MPH)
|
|
Batting: SHB Ryan Palermo
|
0-0: Ball 1-0: SOLO HOME RUN (Flyball, 9D, EV 106.9 MPH), Distance : 390 ft
|
|
Batting: SHB Justin Toth
|
0-0: Ball 1-0: Ball 2-0: Called Strike 2-1: Foul Ball, location: 2F 2-2: Ball 3-2: Base on Balls
|
|
Batting: LHB Andrew Erens
|
0-0: Ball 1-0: Called Strike 1-1: Swinging Strike 1-2: Foul Ball, location: 2F 1-2: Strikes out swinging
|
| Top of the 4th over - 1 run, 1 hit, 0 errors, 1 left on base; Bowie 1 - Arkansas 2 |
| BOTTOM OF THE 4TH |
|
Arkansas Travelers batting - Pitching for Bowie Baysox : RHP Andy Rondeau
|
|
Batting: LHB Jorge Zermeno
|
0-0: Ball 1-0: Ball 2-0: Ball 3-0: Foul Ball, location: 2F 3-1: Base on Balls
|
|
Batting: RHB Tsega Haida
|
0-0: Called Strike 0-1: Called Strike 0-2: Ball 1-2: Ball 2-2: Fielders Choice at 2nd, 6-4 (Groundball, 6, EV 76.9 MPH)
|
|
Batting: RHB Roberto Martinez
|
0-0: Ball 1-0: Called Strike 1-1: Ball 2-1: Foul Ball, location: 2F 2-2: Strikes out swinging
|
|
Batting: RHB Jasper Burd
|
0-0: Ball Tsega Haida steals 2nd base 1-0: Swinging Strike 1-1: Ground out 5-3 (Groundball, 56S, EV 61.3 MPH)
|
| Bottom of the 4th over - 0 runs, 0 hits, 0 errors, 1 left on base; Bowie 1 - Arkansas 2 |
| TOP OF THE 5TH |
|
Bowie Baysox batting - Pitching for Arkansas Travelers : RHP Gus Morante
|
|
Batting: RHB Ashton Holloway
|
0-0: Swinging Strike 0-1: Ball 1-1: Foul Ball, location: 2F 1-2: Strikes out swinging
|
|
Batting: RHB Danny Merrill
|
0-0: Ball 1-0: Foul Ball, location: 2F 1-1: SOLO HOME RUN (Flyball, 9LD, EV 91.9 MPH), Distance : 341 ft
|
|
Batting: RHB Dan Staggs
|
0-0: Called Strike 0-1: Ball 1-1: Called Strike 1-2: Ball 2-2: Strikes out looking
|
|
Batting: RHB Dermott Neill
|
0-0: Foul Ball, location: 2F 0-1: Ball 1-1: Ball 2-1: Foul Ball, location: 2F 2-2: Strikes out swinging
|
| Top of the 5th over - 1 run, 1 hit, 0 errors, 0 left on base; Bowie 2 - Arkansas 2 |
| BOTTOM OF THE 5TH |
|
Arkansas Travelers batting - Pitching for Bowie Baysox : RHP Andy Rondeau
|
|
Batting: RHB Bjoern Waltersson
|
0-0: Fly out, F8 (Flyball, 8LXD, EV 86.3 MPH)
|
|
Batting: RHB Andres Mendiola
|
0-0: Foul Ball, location: 2F 0-1: SOLO HOME RUN (Flyball, 9D, EV 98.8 MPH), Distance : 385 ft
|
|
Batting: LHB Matt Calitri
|
0-0: Ball 1-0: Called Strike 1-1: SINGLE (Groundball, 6D, EV 96.3 MPH)
|
|
Batting: RHB Oren Jones
|
0-0: Called Strike 0-1: Foul Ball, location: 2F 0-2: Fielders Choice at 2nd, 6-4 (Groundball, 56, EV 108.8 MPH)
|
|
Batting: LHB Barrfhionn O'Toole
|
0-0: Called Strike 0-1: Called Strike 0-2: Strikes out swinging
|
| Bottom of the 5th over - 1 run, 2 hits, 0 errors, 1 left on base; Bowie 2 - Arkansas 3 |
| TOP OF THE 6TH |
|
Bowie Baysox batting - Pitching for Arkansas Travelers : RHP Gus Morante
|
|
Batting: SHB Tony Pantaleon
|
0-0: Ball 1-0: Called Strike 1-1: Ball 2-1: Ground out 5-3 (Groundball, 6, EV 107.5 MPH)
|
|
Batting: RHB Andy Chess
|
0-0: Ball 1-0: Swinging Strike 1-1: Ball 2-1: Foul Ball, location: 2F 2-2: Ball 3-2: Base on Balls
|
|
Pitching: RHP Jason Smallwood
|
|
|
Batting: SHB Ryan Palermo
|
0-0: Called Strike 0-1: Called Strike 0-2: Foul Ball, location: 2F 0-2: Strikes out swinging
|
|
Batting: SHB Justin Toth
|
0-0: Foul Ball, location: 2F 0-1: Ball 1-1: Foul Ball, location: 2F 1-2: Ball 2-2: Strikes out looking
|
| Top of the 6th over - 0 runs, 0 hits, 0 errors, 1 left on base; Bowie 2 - Arkansas 3 |
| BOTTOM OF THE 6TH |
|
Arkansas Travelers batting - Pitching for Bowie Baysox : RHP Andy Rondeau
|
|
Batting: LHB Jorge Zermeno
|
0-0: Ball 1-0: Ball 2-0: Ball 3-0: Called Strike 3-1: Foul Ball, location: 2F 3-2: Base on Balls
|
|
Pitching: RHP Shane Kruger
|
|
|
Batting: RHB Tsega Haida
|
0-0: Hit by Pitch Jorge Zermeno to second
|
|
Batting: RHB Roberto Martinez
|
0-0: Called Strike 0-1: Ball 1-1: Ball 2-1: Swinging Strike 2-2: Ball 3-2: Strikes out swinging
|
|
Batting: RHB Jasper Burd
|
0-0: Ball 1-0: Foul Ball, location: 2F 1-1: Foul Ball, location: 2F 1-2: Ball 2-2: Foul Ball, location: 2F 2-2: Fly out, F9 (Flyball, 9S, EV 88.1 MPH)
|
|
Batting: RHB Bjoern Waltersson
|
0-0: Called Strike 0-1: Ball 1-1: Foul Ball, location: 2F 1-2: Ball 2-2: Fielders Choice at 2nd, 6-4 (Groundball, 6, EV 78.8 MPH)
|
| Bottom of the 6th over - 0 runs, 0 hits, 0 errors, 2 left on base; Bowie 2 - Arkansas 3 |
| BOTTOM OF THE 7TH |
|
Arkansas Travelers batting - Pitching for Bowie Baysox : RHP Shane Kruger
|
|
Pitching: RHP Josh Boyles
|
|
|
Batting: RHB Andres Mendiola
|
0-0: Called Strike 0-1: Ball 1-1: Called Strike 1-2: Ball 2-2: Ball 3-2: Foul Ball, location: 2F 3-2: Strikes out swinging, 2-3 out at first.
|
|
Batting: LHB Matt Calitri
|
0-0: Foul Ball, location: 2F 0-1: Swinging Strike 0-2: Ball 1-2: Strikes out swinging
|
|
Batting: RHB Oren Jones
|
0-0: Ball 1-0: Fly out, F9 (Flyball, 89M, EV 85.0 MPH)
|
| Bottom of the 7th over - 0 runs, 0 hits, 0 errors, 0 left on base; Bowie 2 - Arkansas 3 |
| TOP OF THE 8TH |
|
Bowie Baysox batting - Pitching for Arkansas Travelers : RHP Jason Smallwood
|
|
Pitching: LHP Tim Siddens
|
|
|
Batting: RHB Dermott Neill
|
0-0: Called Strike 0-1: Ball 1-1: Fly out, F9 (Flyball, 89D, EV 106.3 MPH)
|
|
Batting: SHB Tony Pantaleon
|
0-0: Ball 1-0: Fly out, F7 (Flyball, 7, EV 83.8 MPH)
|
|
Batting: RHB Andy Chess
|
0-0: Called Strike 0-1: Foul Ball, location: 2F 0-2: Foul Ball, location: 2F 0-2: Foul Ball, location: 2F 0-2: Ball 1-2: Ball 2-2: Ball 3-2: SINGLE (Line Drive, 8RM, EV 103.8 MPH)
|
|
Batting: SHB Ryan Palermo
|
0-0: Ball 1-0: Swinging Strike 1-1: Foul Ball, location: 2F 1-2: SINGLE (Groundball, 6MD, EV 95.6 MPH) Andy Chess to second Runner from 2nd tries for 3rd, SAFE, throw by CF made to third
|
|
Batting: SHB Justin Toth
|
0-0: Fly out, F8 (Flyball, 89M, EV 83.8 MPH)
|
| Top of the 8th over - 0 runs, 2 hits, 0 errors, 2 left on base; Bowie 2 - Arkansas 3 |
| BOTTOM OF THE 8TH |
|
Arkansas Travelers batting - Pitching for Bowie Baysox : RHP Josh Boyles
|
|
Batting: LHB Barrfhionn O'Toole
|
0-0: Ground out 5-3 (Groundball, 6, EV 84.4 MPH)
|
|
Batting: LHB Jorge Zermeno
|
0-0: Ball 1-0: Foul Ball, location: 2F 1-1: Swinging Strike 1-2: Ball 2-2: Foul Ball, location: 2F 2-2: Strikes out swinging
|
|
Batting: RHB Tsega Haida
|
0-0: Called Strike 0-1: Ball 1-1: Fly out, F5 (Line Drive, 5, EV 63.1 MPH)
|
| Bottom of the 8th over - 0 runs, 0 hits, 0 errors, 0 left on base; Bowie 2 - Arkansas 3 |
| TOP OF THE 9TH |
|
Bowie Baysox batting - Pitching for Arkansas Travelers : LHP Tim Siddens
|
|
Pitching: RHP Harambe Vick
|
|
|
Batting: LHB Andrew Erens
|
0-0: Ball 1-0: Ball 2-0: SINGLE (Line Drive, 6D, EV 100.0 MPH)
|
|
Batting: RHB Ashton Holloway
|
0-0: Foul Ball, location: 2F 0-1: Bunted foul 0-2: Ball 1-2: Foul Ball, location: 2F 1-2: Ball 2-2: Ball 3-2: Foul Ball, location: 2F 3-2: Base on Balls Andrew Erens to second
|
|
Batting: RHB Danny Merrill
|
0-0: Ball 1-0: Foul Ball, location: 2F 1-1: Swinging Strike 1-2: Foul Ball, location: 2F 1-2: Strikes out swinging
|
|
Batting: RHB Dan Staggs
|
0-0: Ball 1-0: Called Strike 1-1: Foul Ball, location: 2F 1-2: Strikes out swinging
|
|
Batting: RHB Dermott Neill
|
0-0: Ball 1-0: Ball 2-0: Swinging Strike 2-1: Ball 3-1: Called Strike 3-2: Foul Ball, location: 2F 3-2: Foul Ball, location: 2F 3-2: Base on Balls Andrew Erens to third Ashton Holloway to second
|
|
Pitching: RHP Matt Peck
|
|
|
Batting: SHB Tony Pantaleon
|
0-0: Ball 1-0: Swinging Strike 1-1: Called Strike 1-2: Foul Ball, location: 2F 1-2: Foul Ball, location: 2F 1-2: Foul Ball, location: 2F 1-2: Foul Ball, location: 2F 1-2: Foul Ball, location: 2F 1-2: Ground out U3 (Groundball, 23, EV 84.4 MPH)
|
| Top of the 9th over - 0 runs, 1 hit, 0 errors, 3 left on base; Bowie 2 - Arkansas 3 |
|